[Event "EU-ch 12th"]
[Site "Aix les Bains"]
[Date "2011.03.28"]
[Round "7"]
[White "Anisimov, Pavel"]
[Black "Aleksandrov, Aleksej"]
[Result "1-0"]
[ECO "B13"]
[WhiteElo "2532"]
[BlackElo "2638"]
[PlyCount "136"]
[EventDate "2011.03.22"]
[EventType "swiss"]
[EventRounds "11"]
[EventCountry "FRA"]
[SourceTitle "CBM 142 Extra"]
[Source "ChessBase"]
[SourceDate "2011.06.27"]
[SourceVersion "1"]
[SourceVersionDate "2011.06.27"]
[SourceQuality "1"]
[TimeControl "40/5400+30:1800+30"]

1. d4 Nf6 2. Bg5 d5 3. e3 (3. Bxf6 exf6 4. e3 Bd6 5. c4 dxc4 6. Bxc4 O-O 7. Nc3
c6 8. Nf3 f5 $11) 3... c5 4. Bxf6 gxf6 5. c4 cxd4 6. exd4 Nc6 (6... Qb6 $5) 7.
Nc3 dxc4 (7... Be6 $132 ) 8. d5 (8. Nf3 Bg4 (8... Bg7)) 8... Ne5
9. Bxc4 Nxc4 (9... Bd7 ) 10. Qa4+ Bd7 11. Qxc4 Rg8 $132 12. Qe4
$6 f5 $1 13. Qf3 Qb6 14. Nge2 O-O-O $17 15. O-O e5 16. Rac1 Kb8 17. d6 $6 Bxd6
(17... Bc6 $40 18. Nd5 Bxd6) 18. Nd5 Qxb2 (18... Bc6) 19.
Nec3 e4 20. Qh5 Be6 21. g3 Be5 22. Rb1 Qa3 23. Nb5 Qf3 24. Qxf3 exf3 25. Nb4
Bc4 $2 (25... a5 $1 $19 26. Na6+ bxa6 27. Nd4+) 26. Nc6+ bxc6 27. Nd6+ Bb5 28.
Nxb5 Ka8 29. Rfe1 Bb8 30. Nc3 Rge8 31. Rxe8 Rxe8 32. Kf1 Bc7 33. Nd1 Re2 34.
Rb2 Re4 35. Rb3 Ba5 36. Ne3 f4 37. gxf4 Rxf4 38. Kg1 c5 39. h3 c4 40. Rb5 Bd2
41. Nd5 a6 42. Rc5 Rd4 43. Nb6+ Kb7 44. Rxc4 Rd6 45. Na4 Rc6 46. Nc5+ Kc8 47.
Rd4 Bc3 48. Rd5 Rg6+ 49. Kh1 a5 50. Nd3 Kc7 51. Ne5 Rh6 $2 (51... Bxe5) 52.
Rc5+ Kb6 53. Rxc3 Rxh3+ 54. Kg1 Kb5 55. Nxf3 Rh5 56. Rb3+ Kc5 57. Kf1 a4 58.
Rd3 Rh1+ 59. Ke2 Ra1 60. a3 h5 61. Ne5 f6 62. Nd7+ Kc4 63. Nb6+ Kb5 64. Nd5 h4
65. Nxf6 Ra2+ 66. Kf3 Rb2 67. Ne4 Kc4 68. Re3 Kd4 {Suite illisible et gain
Blanc au ...90 ème coup!} 1-0